NCAA
ARIZONA WILDCATS @ BAYLOR BEARS
04/04/2023
 
TOP OF THE 1ST
Arizona Wildcats batting - Pitching for Baylor Bears : RHP Larry Jenkins
Pitching: RHP Larry Jenkins
Batting: RHB Jake Brown 0-0: Called Strike
0-1: Ball
1-1: Ball
2-1: Foul Ball, location: 2F
2-2: Ball
3-2: Base on Balls
Batting: RHB Michael Tucker 0-0: Ball
1-0: Fielders Choice at 2nd, 1-4 (Groundball, 23)
Batting: LHB Wes Stone 0-0: Ball
1-0: Foul Ball, location: 2F
1-1: Fly out, F7 (Line Drive, 7M)
Batting: RHB Alvin Cates 0-0: Foul Ball, location: 2F
0-1: Called Strike
0-2: Strikes out swinging
Top of the 1st over - 0 run(s), 0 hit(s), 0 error(s), 1 left on base; Arizona 0 - Baylor 0
BOTTOM OF THE 1ST
Baylor Bears batting - Pitching for Arizona Wildcats : RHP Augusto Escamilla
Pitching: RHP Augusto Escamilla
Batting: LHB David Taylor 0-0: Swinging Strike
0-1: Hit by Pitch
Batting: LHB John White 0-0: Ball
1-0: Foul Ball, location: 2F
1-1: 2-RUN HOME RUN (Flyball, 9LD), Distance : 317 ft
Batting: RHB Horace Johnson 0-0: Ball
1-0: SINGLE (Popup, 4D)
Batting: LHB Matt Reese 0-0: Called Strike
0-1: Fly out, F5 (Popup, 5F)
Batting: RHB Esteban Vargas 0-0: Ball
1-0: Called Strike
1-1: Ball
2-1: Ball
3-1: Fly out, F3 (Popup, 3DF)
Batting: RHB John Krueger 0-0: Called Strike
0-1: Fly out, F8 (Flyball, 8RS)
Bottom of the 1st over - 2 run(s), 2 hit(s), 0 error(s), 1 left on base; Arizona 0 - Baylor 2
TOP OF THE 2ND
Arizona Wildcats batting - Pitching for Baylor Bears : RHP Larry Jenkins
Batting: LHB Bruce Foster 0-0: Ball
1-0: Ball
2-0: Ball
3-0: Called Strike
3-1: Foul Ball, location: 2F
3-2: Fly out, F6 (Popup, 5)
Batting: RHB Félix Gonzáles 0-0: Ball
1-0: Swinging Strike
1-1: Ground out 6-3 (Groundball, 6M)
Batting: RHB Quincy Vance 0-0: Called Strike
0-1: Ball
1-1: Ball
2-1: Ground out 4-3 (Groundball, 4)
Top of the 2nd over - 0 run(s), 0 hit(s), 0 error(s), 0 left on base; Arizona 0 - Baylor 2
BOTTOM OF THE 2ND
Baylor Bears batting - Pitching for Arizona Wildcats : RHP Augusto Escamilla
Batting: RHB Guy Morrison 0-0: Called Strike
0-1: Ball
1-1: Called Strike
1-2: Ball
2-2: Strikes out swinging
Batting: LHB Jorge Gabaldón 0-0: Ball
1-0: Foul Ball, location: 2F
1-1: Fly out, F8 (Line Drive, 6MD)
Batting: LHB Brett Jackson 0-0: Called Strike
0-1: Called Strike
0-2: Ball
1-2: Ball
2-2: Strikes out swinging
Bottom of the 2nd over - 0 run(s), 0 hit(s), 0 error(s), 0 left on base; Arizona 0 - Baylor 2
TOP OF THE 3RD
Arizona Wildcats batting - Pitching for Baylor Bears : RHP Larry Jenkins
Batting: RHB Miguel Gonzáles 0-0: Called Strike
0-1: Ball
1-1: Foul Ball, location: 2F
1-2: SOLO HOME RUN (Flyball, 78XD), Distance : 384 ft
Batting: RHB Gabriel Vázquez 0-0: Ball
1-0: Ball
2-0: Ball
3-0: Called Strike
3-1: Base on Balls
Batting: RHB Jake Brown 0-0: Ball
1-0: Called Strike
1-1: Foul Ball, location: 2F
1-2: Fly out, F9 (Line Drive, 9M)
Batting: RHB Michael Tucker 0-0: Ball
Gabriel Vázquez steals 2nd base
1-0: Called Strike
1-1: Called Strike
1-2: Ball
2-2: Ball
3-2: Strikes out swinging
Batting: LHB Wes Stone 0-0: Called Strike
0-1: Ball
1-1: Foul Ball, location: 2F
1-2: Strikes out swinging
Top of the 3rd over - 1 run(s), 1 hit(s), 0 error(s), 1 left on base; Arizona 1 - Baylor 2
BOTTOM OF THE 3RD
Baylor Bears batting - Pitching for Arizona Wildcats : RHP Augusto Escamilla
Batting: LHB David Taylor 0-0: Swinging Strike
0-1: Ball
1-1: Foul Ball, location: 2F
1-2: Strikes out swinging
Batting: LHB John White 0-0: Ball
1-0: Ball
2-0: Ball
3-0: Called Strike
3-1: Foul Ball, location: 2F
3-2: Foul Ball, location: 2F
3-2: Base on Balls
Batting: RHB Horace Johnson 0-0: Called Strike
0-1: 2-RUN HOME RUN (Flyball, 7D), Distance : 366 ft
Batting: LHB Matt Reese 0-0: Ball
1-0: Ball
2-0: Called Strike
2-1: Foul Ball, location: 2F
2-2: Ground out 1-3 (Groundball, 15S)
Batting: RHB Esteban Vargas 0-0: Called Strike
0-1: Swinging Strike
0-2: Foul Ball, location: 2F
0-2: Strikes out swinging
Bottom of the 3rd over - 2 run(s), 1 hit(s), 0 error(s), 0 left on base; Arizona 1 - Baylor 4
TOP OF THE 4TH
Arizona Wildcats batting - Pitching for Baylor Bears : RHP Larry Jenkins
Batting: RHB Alvin Cates 0-0: Called Strike
0-1: Ground out 4-3 (Groundball, 4)
Batting: LHB Bruce Foster 0-0: Called Strike
0-1: Foul Ball, location: 2F
0-2: Fly out, F5 (Line Drive, 5)
Batting: RHB Félix Gonzáles 0-0: Fly out, F4 (Line Drive, 4)
Top of the 4th over - 0 run(s), 0 hit(s), 0 error(s), 0 left on base; Arizona 1 - Baylor 4
BOTTOM OF THE 4TH
Baylor Bears batting - Pitching for Arizona Wildcats : RHP Augusto Escamilla
Batting: RHB John Krueger 0-0: Ball
1-0: Fly out, F4 (Popup, 4MD)
Batting: RHB Guy Morrison 0-0: SINGLE (Line Drive, 9LS)
Batting: LHB Jorge Gabaldón 0-0: Ball
1-0: Foul Ball, location: 2F
1-1: Foul Ball, location: 2F
1-2: Ball
2-2: Ball
3-2: Foul Ball, location: 2F
3-2: Fly out, F7 (Flyball, 78S)
Batting: LHB Brett Jackson 0-0: Ball
1-0: Ball
2-0: Swinging Strike
2-1: Fly out, F6 (Popup, 6D)
Bottom of the 4th over - 0 run(s), 1 hit(s), 0 error(s), 1 left on base; Arizona 1 - Baylor 4
TOP OF THE 5TH
Arizona Wildcats batting - Pitching for Baylor Bears : RHP Larry Jenkins
Batting: RHB Quincy Vance 0-0: Ball
1-0: Ball
2-0: Ball
3-0: Foul Ball, location: 2F
3-1: Fly out, F9 (Flyball, 89S)
Batting: RHB Miguel Gonzáles 0-0: Swinging Strike
0-1: Foul Ball, location: 2F
0-2: Strikes out looking
Batting: RHB Gabriel Vázquez 0-0: Called Strike
0-1: Ball
1-1: Ball
2-1: Ground out 6-3 (Groundball, 6)
Top of the 5th over - 0 run(s), 0 hit(s), 0 error(s), 0 left on base; Arizona 1 - Baylor 4
BOTTOM OF THE 5TH
Baylor Bears batting - Pitching for Arizona Wildcats : RHP Augusto Escamilla
Batting: LHB David Taylor 0-0: Ball
1-0: Ball
2-0: Foul Ball, location: 2F
2-1: Ball
3-1: Fly out, F7 (Line Drive, 7M)
Batting: LHB John White 0-0: Ball
1-0: Foul Ball, location: 2F
1-1: Ball
2-1: Ball
3-1: Base on Balls
Batting: RHB Horace Johnson 0-0: Ball
1-0: Called Strike
1-1: Foul Ball, location: 2F
1-2: Ball
2-2: Foul Ball, location: 2F
2-2: Grounds into double play, 4-6-3 (Groundball, 4)
Bottom of the 5th over - 0 run(s), 0 hit(s), 0 error(s), 0 left on base; Arizona 1 - Baylor 4
TOP OF THE 6TH
Arizona Wildcats batting - Pitching for Baylor Bears : RHP Larry Jenkins
Batting: RHB Jake Brown 0-0: Called Strike
0-1: Ground out 6-3 (Groundball, 6)
Batting: RHB Michael Tucker 0-0: Called Strike
0-1: Ball
1-1: Ball
2-1: Swinging Strike
2-2: Foul Ball, location: 2F
2-2: Foul Ball, location: 2F
2-2: Ball
3-2: Strikes out swinging
Batting: LHB Wes Stone 0-0: Foul Ball, location: 2F
0-1: Foul Ball, location: 2F
0-2: Strikes out swinging
Top of the 6th over - 0 run(s), 0 hit(s), 0 error(s), 0 left on base; Arizona 1 - Baylor 4
BOTTOM OF THE 6TH
Baylor Bears batting - Pitching for Arizona Wildcats : RHP Augusto Escamilla
Pitching: RHP Cal Dayment
Batting: LHB Matt Reese 0-0: Foul Ball, location: 2F
0-1: Swinging Strike
0-2: Strikes out looking
Batting: RHB Esteban Vargas 0-0: Ball
1-0: Ball
2-0: Ball
3-0: Called Strike
3-1: Foul Ball, location: 2F
3-2: Base on Balls
Batting: RHB John Krueger 0-0: Foul Ball, location: 2F
0-1: Ball
1-1: Swinging Strike
1-2: Strikes out looking
Batting: RHB Guy Morrison 0-0: Called Strike
0-1: Foul Ball, location: 2F
0-2: Ball
1-2: Strikes out swinging
Bottom of the 6th over - 0 run(s), 0 hit(s), 0 error(s), 1 left on base; Arizona 1 - Baylor 4
TOP OF THE 7TH
Arizona Wildcats batting - Pitching for Baylor Bears : RHP Larry Jenkins
Pitching: RHP Ramón Castaneda
Batting: RHB Alvin Cates 0-0: Ball
1-0: Fly out, F8 (Flyball, 8RXD)
Batting: LHB Bruce Foster 0-0: Ball
1-0: Called Strike
1-1: Called Strike
1-2: Ball
2-2: Ball
3-2: Base on Balls
Batting: RHB Félix Gonzáles 0-0: Called Strike
0-1: Ball
Bruce Foster is caught stealing 2nd base
1-1: Swinging Strike
1-2: Ball
2-2: DOUBLE (Line Drive, 9LS)
Batting: RHB Quincy Vance 0-0: Ball
1-0: Fly out, F3 (Popup, 3SF)
Top of the 7th over - 0 run(s), 1 hit(s), 0 error(s), 1 left on base; Arizona 1 - Baylor 4
BOTTOM OF THE 7TH
Baylor Bears batting - Pitching for Arizona Wildcats : RHP Cal Dayment
Batting: LHB Jorge Gabaldón 0-0: Called Strike
0-1: Hit by Pitch
Batting: LHB Brett Jackson 0-0: Called Strike
0-1: Called Strike
0-2: 2-RUN HOME RUN (Flyball, 89XD), Distance : 369 ft
Batting: LHB David Taylor 0-0: Called Strike
0-1: Ground out 6-3 (Groundball, 6M)
Batting: LHB John White 0-0: Called Strike
0-1: Foul Ball, location: 2F
0-2: Foul Ball, location: 2F
0-2: Ball
1-2: Foul Ball, location: 2F
1-2: Strikes out swinging
Batting: RHB Horace Johnson 0-0: Called Strike
0-1: Ball
1-1: SINGLE (Line Drive, 56D)
Batting: LHB Matt Reese 0-0: Ball
1-0: Ball
2-0: SINGLE (Groundball, 34) (infield hit)
Horace Johnson to second
Batting: RHB Esteban Vargas 0-0: Called Strike
0-1: Foul Ball, location: 2F
0-2: Ball
1-2: Strikes out swinging
Bottom of the 7th over - 2 run(s), 3 hit(s), 0 error(s), 2 left on base; Arizona 1 - Baylor 6
TOP OF THE 8TH
Arizona Wildcats batting - Pitching for Baylor Bears : RHP Ramón Castaneda
Now at 1B: Brian Richardson
Now at 3B: Lakota O'Reilly
Batting: RHB Miguel Gonzáles 0-0: Swinging Strike
0-1: SINGLE (Groundball, 5D) (infield hit)
Batting: RHB Gabriel Vázquez 0-0: Ball
1-0: Ball
2-0: Ball
3-0: Called Strike
3-1: Foul Ball, location: 2F
3-2: Base on Balls
Miguel Gonzáles to second
Batting: RHB Jake Brown 0-0: Called Strike
0-1: Swinging Strike
0-2: Ball
1-2: Strikes out swinging
Batting: RHB Michael Tucker 0-0: Ball
1-0: Called Strike
1-1: Fly out, F8 (Flyball, 8RS)
Batting: LHB Wes Stone 0-0: Foul Ball, location: 2F
0-1: Ball
1-1: Foul Ball, location: 2F
1-2: Ball
2-2: 3-RUN HOME RUN (Flyball, 9D), Distance : 370 ft
Batting: RHB Alvin Cates 0-0: Ball
1-0: Fly out, F8 (Flyball, 8LM)
Top of the 8th over - 3 run(s), 2 hit(s), 0 error(s), 0 left on base; Arizona 4 - Baylor 6
BOTTOM OF THE 8TH
Baylor Bears batting - Pitching for Arizona Wildcats : RHP Cal Dayment
Pitching: RHP Gregg Minor
Batting: RHB John Krueger 0-0: Ball
1-0: Foul Ball, location: 2F
1-1: Ball
2-1: Called Strike
2-2: Strikes out swinging
Batting: RHB Guy Morrison 0-0: Ball
1-0: Ball
2-0: Ball
3-0: Base on Balls
Batting: LHB Jorge Gabaldón 0-0: Foul Ball, location: 2F
0-1: Grounds into double play, 6-4-3 (Groundball, 6M)
Bottom of the 8th over - 0 run(s), 0 hit(s), 0 error(s), 0 left on base; Arizona 4 - Baylor 6
TOP OF THE 9TH
Arizona Wildcats batting - Pitching for Baylor Bears : RHP Ramón Castaneda
Pitching: RHP Walt Carter
Batting: LHB Bruce Foster 0-0: Ball
1-0: Called Strike
1-1: Ball
2-1: Foul Ball, location: 2F
2-2: Ball
3-2: Base on Balls
Batting: RHB Félix Gonzáles 0-0: Foul Ball, location: 2F
0-1: Ball
1-1: Ball
2-1: Swinging Strike
2-2: Strikes out swinging
Batting: RHB Quincy Vance 0-0: Ball
1-0: Ball
Wild Pitch!
Bruce Foster to second
2-0: Called Strike
2-1: Foul Ball, location: 2F
2-2: Ball
3-2: Ground out 1-3 (Groundball, 23)
Bruce Foster to third
Batting: RHB Miguel Gonzáles 0-0: Called Strike
0-1: Ground out 5-3 (Groundball, 5)
Top of the 9th over - 0 run(s), 0 hit(s), 0 error(s), 1 left on base; Arizona 4 - Baylor 6
This league is powered by Out of the Park Baseball, the baseball management simulation game for PC, Mac and Linux
Wednesday, December 2nd, 2015 - OOTP Baseball 16.8 Build 38